 Dungeon Crawl Stone Soup version 0.31-a0-441-g867994ef1c (webtiles) character file.

Game seed: 4024600540540208205

280 Dittersdorf the Trooper (level 6, 0/39 HPs)
             Began as a Gargoyle Fighter on Aug 2, 2023.
             Was an Initiate of Okawaru.
             Blown up by Ijyb (16 damage)
             ... with a mindburst bolt
             ... on level 4 of the Dungeon.
             The game lasted 00:03:57 (2944 turns).

Dittersdorf the Trooper (Gargoyle Fighter)          Turns: 2944, Time: 00:03:57

Health: 0/39       AC: 16    Str: 28    XL:     6   Next: 27%
Magic:  6/6        EV:  8    Int:  8    God:    Okawaru [......]
Gold:   649        SH:  4    Dex:  9    Spells: 5/5 levels left

rFire   . . .        a - +0 flail
rCold   . . .        c - +0 buckler
rNeg    + . .        n - +0 chain mail
rPois   ∞            l - +0 helmet
rElec   +            o - +0 cloak
rCorr   .            (no gloves)
SInv    .            (no boots)
Will    .....        (no amulet) Stlth
                     e - +6 ring of strength
HPRegen 0.26/turn    (no ring)
MPRegen 0.10/turn

%: no passive effects
@: no status effects
A: sickness immunity, AC +4, negative energy resistance 1, electricity
resistance, torment resistance 1, petrification resistance
a: Renounce Religion


You were on level 4 of the Dungeon.
You worshipped Okawaru.
Okawaru was noncommittal.
You visited 2 branches of the dungeon, and saw 5 of its levels.

You collected 649 gold pieces.

Inventory:

Hand Weapons
 a - a +0 flail (weapon)
Missiles
 p - 7 poisoned darts
Armour
 c - a +0 buckler (worn)
 l - a +0 helmet (worn)
 n - a +0 chain mail (worn)
 o - a +0 cloak (worn)
Jewellery
 e - a +6 ring of strength (left hand)
Scrolls
 b - a scroll of revelation {unknown}
 h - a scroll of brand weapon {unknown}
 k - 2 scrolls of teleportation
Potions
 d - 2 potions of might
 f - a potion of attraction {unknown}
 g - 2 potions of curing {unknown}
 i - a potion of enlightenment
 q - a potion of magic


   Skills:
 + Level 4.6 Fighting
 + Level 3.5 Maces & Flails
 + Level 4.6 Armour
 + Level 4.6 Shields


You had 5 spell levels left.
You didn't know any spells.
Your spell library contained the following spells:

 Spells                   Type           Power      Damage    Failure   Level
 Magic Dart               Conj           0%         1d3       91%         1
 Ensorcelled Hibernation  Hex/Ice        0%         N/A       97%         2
 Passwall                 Tmut/Erth      0%         N/A       97%         2
 Searing Ray              Conj           0%         2d4       97%         2
 Swiftness                Air            0%         N/A       100%        3
 Fulminant Prism          Conj/Hex       0%         3d5       100%        4


Dungeon Overview and Level Annotations

Branches:
Dungeon (4/15)             Temple (1/1) D:4

Altars:
Ashenzari
Cheibriados
Elyvilon
Fedhas
Gozag
Hepliaklqana
Kikubaaqudgha
Makhleb
Nemelex Xobeh
Okawaru
Qazlal
Vehumet
Xom
Yredelemnul
Zin
The Shining One

Shops:
D:2 =

Annotations:
D:4 Ijyb


Innate Abilities, Weirdness & Mutations

You are immune to sickness and miasma.
Your stone body is resilient. (AC +4)
You are immune to poison.
You resist negative energy. (rN+)
You are resistant to electric shocks. (rElec)
You are resistant to unholy torment.
You are immune to petrification.


Message History

Ijyb hits you but does no damage.
You barely miss Ijyb.
Ijyb is lightly wounded.
The giant cockroach barely misses you.
The iguana bites you but does no damage.
Ijyb zaps a wand.
Your mind is blasted!
The giant cockroach bites you but does no damage.
You closely miss Ijyb.
Ijyb is lightly wounded.
The giant cockroach barely misses you. The iguana bites you.
Ijyb zaps a wand.
Your mind is blasted!
The giant cockroach barely misses you.
You are too injured to fight recklessly!
You are too injured to fight recklessly!
You are too injured to fight recklessly!
You are too injured to fight recklessly!
You are too injured to fight recklessly!
You are too injured to fight recklessly!
You are too injured to fight recklessly!
You are too injured to fight recklessly!
You are too injured to fight recklessly!
You are too injured to fight recklessly!
You are too injured to fight recklessly!
You are too injured to fight recklessly!
You are too injured to fight recklessly!
You are too injured to fight recklessly!
You are too injured to fight recklessly!
You are too injured to fight recklessly!
You are too injured to fight recklessly!
You are too injured to fight recklessly!
You are too injured to fight recklessly!
You are too injured to fight recklessly!
You are too injured to fight recklessly!
You are too injured to fight recklessly!
The giant cockroach attacks as you move away!
The giant cockroach closely misses you. Ijyb attacks as you move away!
Ijyb closely misses you. Ijyb attacks as you move away!
Ijyb hits you but does no damage.
Ijyb screams, "It's all mine!"
Ijyb zaps a wand.
Your mind is blasted!
You die...

#........ #.#...###....
###.......# #.....###....
##../......# .#....#.....
#...###.#.#######.........
##...# ##.# #.....#......#
#...###..###.#.###......#
#..l.#....#..### ##.....#
##...Bg...#...#.##.......
##.#...@.#........_..._.
##...##...##.##........
#.....#...# ##.....⌠...
#.....#..## #.........
##....#### #.#.......
#......# #....._^..
##...#.# ##........
###...# #######.. #####
#..


You could see Ijyb, an iguana and a giant cockroach.

Vanquished Creatures
  Menkaure (D:4)
  A hound (D:4)
  Robin (D:2)
  3 adders
  A worm (D:3)
  3 dart slugs
  7 ball pythons
  9 endoplasms
  3 giant cockroaches
  16 goblins
  8 hobgoblins
  11 kobolds
  7 bats
  A frilled lizard (D:1)
  3 rats
75 creatures vanquished.

Notes
Turn   | Place    | Note
-------+----------+-------------------------------------------
     0 | D:1      | Dittersdorf the Gargoyle Fighter began the quest for the
                  | Orb.
     0 | D:1      | Reached XP level 1. HP: 14/14 MP: 1/1
   101 | D:1      | Reached XP level 2. HP: 19/19 MP: 2/2
   466 | D:1      | You fall into a shaft and drop 1 floor!
   477 | D:1      | Reached XP level 3. HP: 21/23 MP: 3/3
   801 | D:2      | Found Qiudisk's Jewellery Emporium.
   843 | D:2      | Found a radiant altar of Vehumet.
  1078 | D:2      | Noticed Robin
  1089 | D:2      | Reached XP level 4. HP: 19/29 MP: 4/4
  1214 | D:2      | Killed Robin
  2363 | D:4      | Identified a scroll of acquirement
  2363 | D:4      | Acquired 517 gold pieces
  2391 | D:4      | Found a hazy altar of Hepliaklqana.
  2392 | D:4      | Found a white marble altar of Elyvilon.
  2423 | D:4      | Noticed Menkaure
  2438 | D:4      | Killed Menkaure
  2439 | D:4      | Reached XP level 5. HP: 3/34 MP: 5/5
  2439 | D:4      | Reached XP level 6. HP: 4/39 MP: 6/6
  2593 | D:4      | Found a burning altar of Makhleb.
  2623 | D:4      | Found a staircase to the Ecumenical Temple.
  2633 | Temple   | Entered the Ecumenical Temple
  2638 | Temple   | Became a worshipper of Warmaster Okawaru
  2930 | D:4      | Noticed Ijyb
  2944 | D:4      | Blown up by Ijyb

Illustrated notes

Levels and vault maps discovered:
D:1:      dpeg_arrival_water_fire, layout_basic
D:2:      layout_loops_cross, serial_shops, shop, basic_altar,
          minmay_misc_feat_square, minmay_misc_feat_columns, uniq_robin
D:3:      layout_basic, kennysheep_generic_room_6
D:4:      layout_cave_pools, grunt_temple_overflow_open,
          minmay_temple_entry_waves, uniq_ijyb, uniq_menkaure
Temple:   nicolae_temple_x_marks_the_god

Skill      XL: |  1  2  3  4 |
---------------+-------------+-----
Fighting       | 4 |  4.6
Shields        | 4 |  4.6
Armour         | 4 |  4.6
Maces & Flails | 3 |  3.5

Action                     |  1- 3 |  4- 6 || total
---------------------------+-------+-------++-------
  Melee: Flail             |   100 |   130 ||   230
    Use: Scroll            |       |     6 ||     6
 Armour: Scale mail        |    69 |    18 ||    87
         Chain mail        |       |    64 ||    64
  Dodge: Dodged            |    45 |    66 ||   111
  Block: Buckler           |    25 |    46 ||    71

Table legend: (Time is in decaauts)
 A = Elapsed time spent in this place.
 B = Non-inter-level travel time spent in this place.
 C = Inter-level travel time spent in this place.
 D = Time resting spent in this place.
 E = Time spent auto-exploring this place.
 F = Levels seen in this place.
 G = Mean time per level.
                   A        B        C        D        E       F      G
               +--------+--------+--------+--------+--------+-----+--------+
         Total |   3009 |   2840 |    169 |    355 |   1797 |   5 |  601.8 |
       Dungeon |   2999 |   2830 |    169 |    355 |   1797 |   4 |  749.8 |
        Temple |      9 |      9 |      0 |      0 |      0 |   1 |    9.0 |
               +--------+--------+--------+--------+--------+-----+--------+

Top non-repeatable levels by time:
     D:1: 927 daAuts
     D:2: 773 daAuts
     D:3: 710 daAuts
     D:4: 587 daAuts
  Temple: 9 daAuts
